 Dungeon Crawl Stone Soup version 0.31-a0-1237-gabc64e778c (webtiles) character file.

Game seed: 371042478457151341

192624 Lobster4 the Cloud Mage (level 18, -4/113 HPs)
             Began as a Tengu Air Elementalist on Dec 15, 2023.
             Was the Champion of Vehumet.
             Slain by an alligator (5 damage)
             ... on level 4 of the Swamp.
             The game lasted 02:24:37 (42221 turns).

Lobster4 the Cloud Mage (Tengu Air Elementalist)   Turns: 42221, Time: 02:24:38

Health: -4/113     AC: 14    Str: 12    XL:     18   Next: 24%
Magic:  29/32      EV: 20    Int: 26    God:    Vehumet [******]
Gold:   821        SH:  7    Dex: 15    Spells: 3/36 levels left

rFire   + . .        a - staff of air
rCold   + . .        X - +2 buckler {rF+}
rNeg    + . .        D - +3 acid dragon scales
rPois   +            (helmet restricted)
rElec   +            C - scarf "Idiurej" {repulsion, Regen+ Str+2}
rCorr   +            o - +1 Delatra's gloves {ID++}
SInv    +            (boots unavailable)
Will    ++...        t - amulet of magic regeneration
Stlth   ++           j - ring of positive energy
HPRegen 1.18/turn    v - ring of Sukyu {^Drain rPois rC+ Int+4 SInv}
MPRegen 0.63/turn

%: repel missiles, acrobat, clarity
@: brilliant, flying
A: beak, talons 3, evasive flight, acrobatic, clarity, strong-willed 1, noise
suppression
}: 1/15 runes: decaying
a: Renounce Religion


You were on level 4 of the Swamp.
You worshipped Vehumet.
Vehumet was exalted by your worship.
You visited 5 branches of the dungeon, and saw 27 of its levels.
You also visited: Gauntlet and Volcano.

You collected 3196 gold pieces.
You spent 2375 gold pieces at shops.

Inventory:

Hand Weapons
 b - a +3 short sword of venom
 e - a +4 trident of draining
 f - the +8 hand axe of Wyrd {freeze, Will+ Dex+4}
   (You found it on level 13 of the Dungeon)

   Dex+4:     It affects your dexterity (+4).
   Will+:     It increases your willpower.
 r - a +4 mace of flaming
Missiles
 c - 51 poisoned darts
 p - 4 javelins
 T - 3 throwing nets
Armour
 h - a +1 ring mail of cold resistance
 k - an orb of energy
 n - a +2 pair of gloves of hurling
 o - the +1 Delatra's gloves (worn) {ID++}
   (You found it on level 3 of the Dungeon)

   ID++:      It heals its wearer when they drink unknown potions, and restores
   their MP when they read unknown scrolls.
 C - the scarf "Idiurej" (worn) {repulsion, Regen+ Str+2}
   (You acquired it on level 2 of the Lair of Beasts)

   Str+2:     It affects your strength (+2).
   Regen+:    It increases your rate of health regeneration.
 D - +3 acid dragon scales (worn)
 X - a +2 buckler of fire resistance (worn)
 Y - a +2 robe of fire resistance
Magical Staves
 a - a staff of air (weapon)
 F - a staff of fire
 S - a staff of cold
Jewellery
 j - a ring of positive energy (left hand)
 t - an amulet of magic regeneration (around neck)
 v - the ring of Sukyu (right hand) {^Drain rPois rC+ Int+4 SInv}
   (You bought it in a shop on level 2 of the Orcish Mines)

   [ring of see invisible]

   Int+4:     It affects your intelligence (+4).
   rC+:       It protects you from cold.
   rPois:     It protects you from poison SInv: It lets you see invisible.
   ^Drain:    It drains your maximum health when unequipped.
 M - a ring of protection from fire
 W - a ring of wizardry
Wands
 l - a wand of flame (17)
 E - a wand of paralysis (12)
 K - a wand of polymorph (14)
 N - a wand of iceblast (26)
 P - a wand of mindburst (4)
 Z - a wand of digging (4)
Scrolls
 m - 10 scrolls of teleportation
 w - 2 scrolls of fear
 x - 4 scrolls of enchant weapon
 B - 2 scrolls of poison
 I - 4 scrolls of identify
 J - a scroll of revelation
 O - 3 scrolls of immolation
Potions
 g - 3 potions of heal wounds
 i - a potion of invisibility
 q - 5 potions of ambrosia
 s - 2 potions of might
 u - 14 potions of curing
 z - a potion of cancellation
 A - 4 potions of mutation
 G - 3 potions of berserk rage
 H - 3 potions of attraction
 Q - a potion of resistance
 R - 4 potions of lignification
 U - a potion of haste
Miscellaneous
 y - a lightning rod (4/4)
 L - a tin of tremorstones (2/2)


   Skills:
 + Level 12.6 Fighting
 - Level 1.0 Short Blades
 - Level 5.0 Staves
 - Level 1.0 Ranged Weapons
 - Level 1.0 Throwing
 + Level 11.2 Armour
 + Level 11.2 Dodging
 - Level 2.0 Stealth
 + Level 4.0 Shields
 - Level 3.0 Unarmed Combat
 + Level 9.7 Spellcasting
 + Level 15.6 Conjurations
 - Level 3.0 Ice Magic
 * Level 22.0 Air Magic
 - Level 3.0 Earth Magic
 + Level 10.8 Evocations


You had 3 spell levels left.
You knew the following spells:

 Your Spells              Type           Power      Damage    Failure   Level
a - Shock                 Conj/Air       100%       1d9       0%          1
b - Static Discharge      Conj/Air       100%       3-8/arc   0%          2
c - Airstrike             Air            68%        2d(10-26) 0%          4
d - Searing Ray           Conj           100%       2d8       0%          2
e - Arcjolt               Conj/Air       64%        1d74      1%          5
f - Freezing Cloud        Conj/Ice/Air   56%        6-21      1%          5
h - Conjure Ball Lightni  Conj/Air       64%        3x3d23    1%          6
r - Lee's Rapid Deconstr  Erth           21%        3d12*     19%         5
s - Swiftness             Air            100%       N/A       0%          3

Your spell library contained the following spells:

 Spells                   Type           Power      Damage    Failure   Level
 Ozocubu's Refrigeration  Ice            21%        4d12      99%         7
 Magic Dart               Conj           100%       1d8       0%          1
 Freeze                   Ice            100%       1d10      1%          1
 Sandblast                Erth           84%        2d18      1%          1
 Cigotuvi's Dreadful Rot  Necr/Pois/Air  100%       N/A       1%          2
 Momentum Strike          Conj/Tloc      100%       3d10      1%          2
 Hailstorm                Conj/Ice       75%        3d13      1%          3
 Stone Arrow              Conj/Erth      100%       3d13      1%          3
 Frozen Ramparts          Ice            84%        1d13      2%          3
 Ignite Poison            Fire/Tmut/Pois 19%        N/A       7%          3
 Inner Flame              Hex/Fire       19%        N/A       7%          3
 Volatile Blastmotes      Fire/Tloc      38%        2d13      7%          3
 Ensorcelled Hibernation  Hex/Ice        60%        N/A       8%          2
 Passwall                 Tmut/Erth      25%        N/A       8%          2
 Apportation              Tloc           38%        N/A       9%          1
 Blink                    Tloc           38%        N/A       14%         2
 Jinxbite                 Hex            38%        N/A       14%         2
 Lesser Beckoning         Tloc           38%        N/A       14%         2
 Call Canine Familiar     Summ           19%        N/A       26%         3
 Confusing Touch          Hex            19%        N/A       26%         3
 Gell's Gravitas          Tloc           19%        N/A       26%         3
 Sigil of Binding         Hex            19%        N/A       26%         3
 Summon Guardian Golem    Hex/Summ       19%        N/A       26%         3
 Teleport Other           Tloc           19%        N/A       26%         3
 Tukima's Dance           Hex            19%        N/A       26%         3
 Brom's Barrelling Bould  Conj/Erth      75%        2d9       1%          4
 Fulminant Prism          Conj/Hex       34%        3d16      1%          4
 Iskenderun's Mystic Bla  Conj/Tloc      69%        2d14      1%          4
 Orb of Destruction       Conj           48%        9d13      3%          7
 Leda's Liquefaction      Hex/Erth       15%        N/A       43%         4
 Summon Ice Beast         Ice/Summ       30%        N/A       43%         4
 Yara's Violent Unravell  Hex/Tmut       9%         3d6       50%         5
 Spellforged Servitor     Conj/Summ      34%        N/A       58%         7
 Anguish                  Hex/Necr       9%         N/A       65%         4
 Cause Fear               Hex            9%         N/A       65%         4
 Dimensional Bullseye     Hex/Tloc       9%         N/A       65%         4
 Manifold Assault         Tloc           19%        N/A       65%         4
 Passage of Golubria      Tloc           19%        N/A       65%         4
 Borgnjor's Vile Clutch   Necr/Erth      15%        N/A       80%         5
 Alistair's Intoxication  Tmut/Pois      12%        N/A       94%         5
 Summon Mana Viper        Hex/Summ       19%        N/A       94%         5
 Eringya's Noxious Bog    Tmut/Pois      9%         4d6       96%         6
 Dispersal                Tloc           9%         N/A       100%        6
 Simulacrum               Ice/Necr       15%        N/A       100%        6
 Enfeeble                 Hex            9%         N/A       100%        7
 Haunt                    Necr/Summ      9%         N/A       100%        7
 Monstrous Menagerie      Summ           9%         N/A       100%        7
 Borgnjor's Revivificati  Necr           9%         N/A       100%        8
 Death's Door             Necr           9%         N/A       100%        9


Dungeon Overview and Level Annotations

Branches:
Dungeon (15/15)            Temple (1/1) D:6            Lair (5/5) D:9
  Swamp (4/4) Lair:3       Spider (0/4) Lair:3        Slime (0/5) Lair:4
    Orc (2/2) D:10            Elf (0/3) Orc:2        Vaults (0/5) D:14
 Depths (0/4) D:15        Volcano (visited)         Gauntlet (visited)

Altars:
Ashenzari
Cheibriados
Dithmenos
Elyvilon
Fedhas
Gozag
Hepliaklqana
Kikubaaqudgha
Makhleb
Nemelex Xobeh
Okawaru
Qazlal
Ru
Sif Muna
Trog
Uskayaw
Vehumet
Wu Jian
Xom
Yredelemnul
Zin
The Shining One
Jiyva

Shops:
D:4 =(*   Orc:2 (*=!(!=

Portals:
Pandemonium: Orc:2

Annotations:
D:15 Rupert
Lair:5 3 runed translucent doors, hikkokomori's ghost, journeyman GrEE
Swamp:4 1 transporter, drugrobin's ghost, adept DgDe
Orc:2 1 runed translucent door, Ekaitz's ghost, journeyman TeAE


Innate Abilities, Weirdness & Mutations

You have a beak for a mouth.
You have claws for feet.
Your magical flight helps you evade attacks. (EV +4)
You can magically evade attacks while moving or waiting.
You possess an exceptional clarity of mind.
You are strong-willed. (Will+)
You passively dampen the noise of your surroundings.


Message History

Vehumet accepts your kill.
You feel your power returning.
The moth of wrath is struck by an electric surge!!
The moth of wrath is severely wounded.
The swamp dragon is struck by an electric surge!!
The swamp dragon is moderately wounded.
The alligator barely misses you.
The alligator tail-slaps you but does no damage.
The alligator bites you!! The alligator drags you backwards!
The bunyip howls a warning cry!
Your Shields skill increases to level 4!
Unknown command.
Casting: Arcjolt (safe; 1% risk of failure)
Confirm with . or Enter, or press ? or * to list all spells.
You feel a surge of power!
Electricity surges outward!
The alligator is struck by an electric surge!!!
The alligator is severely wounded.
The bunyip is struck by an electric surge.
Drugrobin's ghost is struck by an electric surge!!!
Drugrobin's ghost is moderately damaged.
The swamp dragon is struck by an electric surge!!
The swamp dragon is almost dead.
The alligator completely misses you. The alligator barely misses you.
The bunyip claws you but does no damage.
The bunyip claws you!!
* * * LOW HITPOINT WARNING * * *
The bunyip closely misses you. The alligator bites you!!
* * * LOW HITPOINT WARNING * * *
The alligator completely misses you.
Drugrobin's ghost gestures at you while chanting.
The stone arrow misses you.
The stone arrow hits the bunyip!!
Unknown command.
It was a potion of brilliance.
You feel clever all of a sudden.
The energy of discovery flows from your fingertips!
You feel much better. You block the alligator's attack. x2
The alligator bites you!!
* * * LOW HITPOINT WARNING * * *
The alligator tail-slaps you.
You die...

...÷..~~~......♣♣♣♣♣♣...~....~.~.
♣~~~~<...~~~.°°.°.○.♣~..........~
♣♣.~~~~.~~~..°#####...~...~..~..~
~~§~~~§~~~~.###...###........~...
~~~~..~~~~~.#.......##..~.~~~....
~~~~....~~~.#..[#.#..#.~.......~.
~~~~~~.~....#...#.#..#....~...~~.
~~~.~~.....##.#Wl..(##...~..~~.~.
~~~.♣♣♣♣~~.#.#..@#.)#....~~~.....
~~~.♣ ♣~...#...#©xy=#©....~~.....
~~~♣♣ ♣♣...##...FD#!#..~.........
.~.♣ ♣♣..©#.#...#:##.......~~~.
♣♣♣♣ ♣♣.##..##.#y #.♣♣.♣.~~~..
♣.#F..#...#.#.♣♣♣.~.♣...
♣.##....#..##.♣ ♣~~~♣♣♣.
♣..##y.....#..♣♣♣.~♣♣ ♣♣
♣♣..#####.##.♣♣♣...♣


You could see a bunyip (catching breath), a swamp dragon, an alligator
(berserk), a moth of wrath, a goliath frog and drugrobin's ghost.

Vanquished Creatures
  Mara (Swamp:3)
  Nikola (Swamp:2)
  Jorgrun (D:13)
  A thorn hunter (Swamp:4)
  A fenstrider witch (Swamp:1)
  A frost giant (D:15)
  Louise (Swamp:2)
  3 ghouls
  3 eleionomae
  A minotaur (Gauntlet)
  A bunyip (Swamp:2)
  A dire elephant (Lair:5)
  Snorg (D:11)
  An entropy weaver (shapeshifter) (D:13)
  A shambling mangrove (Swamp:4)
  A catoblepas (Lair:4)
  4 vault guards (D:14)
  26 hydras
  14 alligators
  Erolcha (Orc:2)
  A demonspawn (Orc:2)
  6 boulder beetles
  2 ghost crabs
  3 centaur warriors (D:14)
  A dancing weapon (Volcano)
  3 two-headed ogres
  4 death yaks
  3 tengu warriors
  8 orc high priests (Orc:2)
  3 occultists
  A sixfirhy (Orc:2)
  3 skysharks
  A skeletal warrior (D:15)
  10 goliath frogs
  2 spectral death yaks (Lair:5)
  A spectral anaconda (Lair:5)
  9 spriggan druids
  Lodul (D:14)
  A pharaoh ant (Lair:3)
  12 swamp dragons
  6 bog bodies
  An obsidian statue (Lair:5)
  2 arcanists
  Pikel (D:7)
  7 orc knights
  A lindwurm (Lair:4)
  2 wolf spider zombies (D:15)
  3 necromancers (Lair:5)
  A deep elf pyromancer (D:14)
  2 manticores
  15 ugly things
  A cyclops (D:14)
  5 orc sorcerers
  8 will-o-the-wisps
  A centaur zombie (D:15)
  5 toenail golems (Volcano)
  12 elephants
  2 torpor snails
  A dire elephant zombie (Lair:5)
  3 black mambas
  A gargoyle (D:14)
  Jeremiah (D:6)
  A dire elephant skeleton (Lair:5)
  A smoke demon (Orc:2)
  16 cane toads
  An unseen horror (D:12)
  6 rime drakes
  10 komodo dragons
  4 kobold demonologists
  An efreet (D:10)
  A tengu conjurer (D:14)
  A hellwing (Orc:2)
  A harpy zombie (D:15)
  3 meliai (D:13)
  A polar bear (Lair:4)
  A queen bee (shapeshifter) (D:14)
  A wolf spider simulacrum (D:15)
  A bloated husk (Swamp:1)
  11 tyrant leeches
  8 hornets
  2 trolls
  41 blink frogs
  A spectral elephant (Lair:5)
  2 jumping spiders (Lair:3)
  4 slime creatures (D:12)
  10 spriggans
  4 wyverns
  2 shadows (D:15)
  4 vampires
  7 wraiths
  94 yaks
  5 humans (Volcano)
  5 basilisks
  A golden eye (shapeshifter) (D:14)
  A steam dragon (D:8)
  A chaos spawn (Orc:2)
  10 vampire mosquitoes
  2 spectral cane toads (Lair:5)
  A warg (Orc:2)
  22 swamp worms
  4 acid dragons
  17 water moccasins
  A hornet zombie (D:15)
  An ice beast (D:7)
  34 orc warriors
  4 swamp drakes (Swamp:4)
  5 black bears
  An elephant zombie (Lair:5)
  13 ogres
  9 wolves (Lair:5)
  3 elephant skeletons (Lair:5)
  6 centaurs
  3 lemures (D:7)
  A phantom (D:6)
  6 kobold brigands
  19 bullfrogs
  6 scorpions
  A cane toad simulacrum (Lair:5)
  2 necrophages (Swamp:4)
  19 wights
  2 elephant simulacra (Lair:5)
  7 howler monkeys
  6 electric eels
  3 hounds
  30 orc priests
  5 jellies
  A gnoll bouda (D:10)
  6 iguanas
  20 orc wizards
  Natasha (D:2)
  7 hell rats (Lair:4)
  7 gnolls
  5 adders
  2 shadow imps
  3 white imps
  2 ufetubi (D:5)
  3 worms (D:2)
  4 dart slugs
  70 orcs
  6 bats
  11 endoplasms
  3 giant cockroaches
  5 goblins
  8 hobgoblins
  3 jackals (D:3)
  3 quokkas
  7 ball pythons
  3 frilled lizards
  28 kobolds
  7 rats
932 creatures vanquished.

Vanquished Creatures (collateral kills)
  2 ball lightnings (Lair:5)
2 creatures vanquished.

Vanquished Creatures (others)
  An occultist (D:15)
  A rime drake (Swamp:4)
  17 ball lightnings
  16 foxfires
35 creatures vanquished.

Grand Total: 969 creatures vanquished

Notes
Turn   | Place    | Note
-------+----------+-------------------------------------------
     0 | D:1      | Lobster4 the Tengu Air Elementalist began the quest for the
                  | Orb.
     0 | D:1      | Reached XP level 1. HP: 10/10 MP: 4/4
   103 | D:1      | Found a faded altar of an unknown god.
   320 | D:1      | Reached XP level 2. HP: 16/16 MP: 3/6
   878 | D:2      | Reached XP level 3. HP: 10/20 MP: 0/7
  1037 | D:2      | Reached skill level 1 in Fighting
  1327 | D:2      | Got the Spellbook of the Enchanting Vector
  1541 | D:2      | Reached skill level 1 in Armour
  1706 | D:2      | Noticed Natasha
  1717 | D:2      | Killed Natasha
  1718 | D:2      | Reached XP level 4. HP: 25/25 MP: 2/8
  2290 | D:3      | Found a snail-covered altar of Cheibriados.
  2658 | D:3      | Reached skill level 5 in Air Magic
  2755 | D:3      | Noticed a black bear
  2870 | D:4      | Noticed a black bear
  2887 | D:4      | Reached XP level 5. HP: 29/29 MP: 5/9
  2890 | D:4      | Learned a level 2 spell: Static Discharge
  2894 | D:4      | Learned a level 3 spell: Swiftness
  2951 | D:4      | Found Malaynga's Antique Weapon Shop.
  3025 | D:4      | Found Wuwev's Assorted Antiques.
  3081 | D:4      | Reached skill level 1 in Staves
  3123 | D:4      | Reached skill level 1 in Evocations
  3288 | D:4      | Reached XP level 6. HP: 26/35 MP: 5/10
  3329 | D:4      | Found Muamegei's Jewellery Boutique.
  3859 | D:5      | Entered Level 5 of the Dungeon
  3885 | D:5      | Learned a level 4 spell: Airstrike
  3950 | D:5      | Reached skill level 6 in Air Magic
  4030 | D:5      | Gained mutation: Your magical flight helps you evade
                  | attacks. (EV +4) [Tengu growth]
  4030 | D:5      | Reached XP level 7. HP: 40/40 MP: 7/12
  4973 | D:6      | Found a staircase to the Ecumenical Temple.
  4980 | Temple   | Entered the Ecumenical Temple
  4987 | Temple   | Became a worshipper of Vehumet
  5113 | D:6      | Noticed Jeremiah
  5232 | D:3      | Reached skill level 7 in Air Magic
  5232 | D:3      | Reached XP level 8. HP: 46/46 MP: 9/14
  5311 | D:3      | Reached skill level 1 in Short Blades
  5593 | D:3      | Found a basalt altar of Yredelemnul.
  5593 | D:3      | Found a shadowy altar of Dithmenos.
  5593 | D:3      | Found a broken altar of Ashenzari.
  5593 | D:3      | Found a shimmering blue altar of Sif Muna.
  5593 | D:3      | Found a stormy altar of Qazlal.
  5593 | D:3      | Found a shimmering blue altar of Sif Muna.
  5840 | D:3      | Reached * piety under Vehumet
  5840 | D:3      | Offered knowledge of Kiss of Death by Vehumet.
  5878 | D:3      | Found the +1 Delatra's gloves {ID++}
  6025 | D:4      | Bought a puce potion for 22 gold pieces
  6025 | D:4      | Bought a sedimented green potion for 22 gold pieces
  6025 | D:4      | Bought a smoky coppery potion for 22 gold pieces
  6414 | D:6      | Killed Jeremiah
  6415 | D:6      | Reached skill level 8 in Air Magic
  6417 | D:6      | Reached skill level 5 in Conjurations
  6483 | D:6      | You are sucked into a shaft and drop 1 floor!
  6492 | D:7      | Found a stormy altar of Qazlal.
  6517 | D:6      | Identified the +1 ring mail of the Black Moon {-Tele
                  | Rampage rC+ rN++}
  6909 | D:7      | Reached XP level 9. HP: 39/52 MP: 10/16
  7491 | D:7      | Reached skill level 9 in Air Magic
  7709 | D:7      | Found a hazy altar of Hepliaklqana.
  7767 | D:7      | Noticed Pikel
  7920 | D:7      | Killed Pikel
  8532 | D:8      | Reached skill level 5 in Armour
  8532 | D:8      | Reached skill level 10 in Air Magic
  8624 | D:8      | Reached XP level 10. HP: 58/58 MP: 9/18
  8754 | D:8      | Reached skill level 5 in Fighting
  8874 | D:8      | Reached skill level 5 in Spellcasting
  9428 | D:8      | Offered knowledge of Momentum Strike by Vehumet.
  9429 | D:8      | Reached ** piety under Vehumet
 10074 | D:9      | Found a sparkling altar of Nemelex Xobeh.
 10156 | D:9      | Found a staircase to the Lair.
 10237 | D:9      | Reached skill level 5 in Evocations
 10450 | D:9      | Reached skill level 1 in Throwing
 10526 | D:9      | Reached skill level 11 in Air Magic
 10857 | D:9      | Offered knowledge of Searing Ray by Vehumet.
 10881 | D:9      | Learned a level 2 spell: Searing Ray
 12121 | D:10     | Entered Level 10 of the Dungeon
 12236 | D:10     | Found a large runed translucent door.
 12258 | D:10     | Noticed a two-headed ogre
 12276 | D:10     | Reached XP level 11. HP: 64/64 MP: 17/20
 12284 | D:10     | Found a large runed translucent door.
 12287 | D:10     | Killed a two-headed ogre
 12288 | D:10     | Reached skill level 12 in Air Magic
 12483 | D:10     | Found a bloodstained altar of Trog.
 12545 | D:10     | Reached *** piety under Vehumet
 12692 | D:10     | Noticed a two-headed ogre
 12703 | D:10     | Killed a two-headed ogre
 13034 | D:10     | Offered knowledge of Ignite Poison by Vehumet.
 13531 | D:10     | Found a staircase to the Orcish Mines.
 13586 | D:10     | Found a glowing golden altar of the Shining One.
 13639 | D:10     | Found a shadowy altar of Dithmenos.
 13796 | D:11     | Noticed Snorg
 13809 | D:11     | Noticed a boulder beetle
 13821 | D:11     | Killed Snorg
 13822 | D:11     | Reached skill level 13 in Air Magic
 13838 | D:11     | Killed a boulder beetle
 14131 | D:11     | Noticed a two-headed ogre
 14134 | D:11     | Killed a two-headed ogre
 14350 | D:11     | Reached XP level 12. HP: 56/72 MP: 3/22
 14354 | D:11     | Reached **** piety under Vehumet
 15054 | D:12     | Noticed a boulder beetle
 15060 | D:12     | Killed a boulder beetle
 15061 | D:12     | Reached skill level 1 in Unarmed Combat
 15216 | D:12     | Reached skill level 1 in Ranged Weapons
 15672 | D:12     | Noticed a boulder beetle
 15676 | D:12     | Reached skill level 14 in Air Magic
 15678 | D:12     | Gained mutation: You possess an exceptional clarity of
                  | mind. [potion of mutation]
 15678 | D:12     | Gained mutation: You have hidden genetic potential. [potion
                  | of mutation]
 15678 | D:12     | Killed a boulder beetle
 15814 | D:12     | Noticed a soul eater
 16095 | D:12     | Found a glowing golden altar of the Shining One.
 16105 | D:12     | Offered knowledge of Freezing Cloud by Vehumet.
 16116 | D:12     | Learned a level 5 spell: Freezing Cloud
 16635 | Lair:1   | Entered Level 1 of the Lair of Beasts
 16755 | Lair:1   | Reached skill level 1 in Ice Magic
 16757 | Lair:1   | Reached skill level 10 in Conjurations
 16758 | Lair:1   | Reached skill level 5 in Dodging
 16864 | Lair:1   | Found a dark tunnel.
 16870 | Volcano  | Entered a volcano
 16990 | Volcano  | Noticed an occultist
 17044 | Volcano  | Killed an occultist
 17045 | Volcano  | Reached XP level 13. HP: 71/78 MP: 13/24
 17212 | Volcano  | Reached skill level 15 in Air Magic
 17661 | Volcano  | Gained mutation: You passively dampen the noise of your
                  | surroundings. [hidden potential]
 18986 | Lair:1   | Reached ***** piety under Vehumet
 18989 | Lair:1   | Offered knowledge of Lee's Rapid Deconstruction by Vehumet.
 19000 | Lair:1   | Learned a level 5 spell: Lee's Rapid Deconstruction
 20100 | Lair:2   | Reached skill level 1 in Earth Magic
 20268 | Lair:2   | Identified a scroll of acquirement
 20268 | Lair:2   | Acquired the scarf "Idiurej" {repulsion, Regen+ Str+2}
 20628 | Lair:2   | Reached skill level 16 in Air Magic
 21244 | Lair:3   | Found a hole to the Spider Nest.
 21326 | Lair:3   | Reached XP level 14. HP: 84/84 MP: 21/25
 22200 | Lair:3   | Gained mutation: You are strong-willed. (Will+) [hidden
                  | potential]
 22200 | Lair:3   | Lost mutation: You have hidden genetic potential. [hidden
                  | potential expressed]
 22718 | Lair:3   | Found a staircase to the Swamp.
 23651 | Lair:4   | Found a staircase to the Slime Pits.
 23652 | Lair:4   | Found a viscous altar of Jiyva.
 23843 | D:4      | Bought the ring "Koetubou" {AC+4 Str+4} for 616 gold pieces
 23852 | D:4      | Bought an amulet of regeneration for 360 gold pieces
 24999 | Lair:4   | Reached skill level 17 in Air Magic
 25204 | Lair:4   | Reached skill level 5 in Staves
 25214 | Lair:4   | Offered knowledge of Conjure Ball Lightning by Vehumet.
 25992 | Lair:5   | Entered Level 5 of the Lair of Beasts
 26181 | Lair:5   | Reached XP level 15. HP: 92/92 MP: 13/26
 26298 | Lair:5   | Learned a level 6 spell: Conjure Ball Lightning
 26352 | Lair:5   | Reached skill level 10 in Armour
 26860 | Lair:5   | Offered knowledge of Iskenderun's Battlesphere by Vehumet.
 26909 | Lair:5   | Reached skill level 10 in Fighting
 26984 | Lair:5   | Found a runed translucent gate.
 26984 | Lair:5   | Found a runed translucent gate.
 26984 | Lair:5   | Noticed hikkokomori's ghost (journeyman GrEE)
 26985 | Lair:5   | Found a runed translucent gate.
 27917 | Lair:5   | Reached skill level 18 in Air Magic
 29647 | Orc:1    | Entered Level 1 of the Orcish Mines
 29902 | Orc:1    | Reached skill level 10 in Evocations
 30342 | Orc:2    | Entered Level 2 of the Orcish Mines
 30835 | Orc:2    | Found Biezunef's General Store.
 30904 | Orc:2    | Bought a scroll of teleportation for 39 gold pieces
 30953 | Orc:2    | Found a staircase to the Elven Halls.
 31275 | Orc:2    | Noticed Ekaitz's ghost (journeyman TeAE)
 31278 | Orc:2    | Found a runed translucent door.
 31347 | Orc:2    | Offered knowledge of Fireball by Vehumet.
 31418 | Orc:2    | Noticed Erolcha
 31423 | Orc:2    | Killed Erolcha
 31832 | Orc:2    | Found Xaocreu's Distillery.
 31835 | Orc:2    | Found Zuizuac's Distillery.
 32084 | Orc:2    | Found Voum's Jewellery Shoppe.
 32193 | Orc:2    | Found Bijades's Weapon Boutique.
 32497 | Orc:2    | Bought a potion of heal wounds for 60 gold pieces
 32501 | Orc:2    | Bought a potion of invisibility for 112 gold pieces
 33299 | Orc:2    | Reached skill level 19 in Air Magic
 33419 | Orc:2    | Paralysed by an orc sorcerer for 5 turns
 33630 | Orc:2    | Reached XP level 16. HP: 99/99 MP: 22/28
 33658 | Orc:2    | Found Gicwin's Jewellery Shop.
 33658 | Orc:2    | Found Lupp's Antique Weapon Boutique.
 33659 | Orc:2    | Found a one-way gate leading to the halls of Pandemonium.
 33764 | Orc:2    | Bought an amulet of magic regeneration for 510 gold pieces
 33906 | D:13     | Found a gate leading to a gauntlet.
 33920 | D:13     | Identified the +8 hand axe of Wyrd {freeze, Will+ Dex+4}
 33927 | Gauntlet | Entered a Gauntlet
 33927 | Gauntlet | Found a transporter.
 33927 | Gauntlet | Found a transporter.
 33927 | Gauntlet | Found a transporter.
 33936 | Gauntlet | Found a transporter.
 33948 | Gauntlet | Found a transporter.
 33962 | Gauntlet | Found a transporter.
 33972 | Gauntlet | Found a transporter.
 33987 | Gauntlet | Found a transporter.
 33993 | Gauntlet | Found a transporter.
 34003 | Gauntlet | Found a large runed translucent door.
 34004 | Gauntlet | Found a large runed translucent door.
 34005 | Gauntlet | Found a large runed translucent door.
 34005 | Gauntlet | Found a large runed translucent door.
 34006 | Gauntlet | Found a runed translucent gate.
 34007 | Gauntlet | Found a large runed translucent door.
 34007 | Gauntlet | Found a large runed translucent door.
 34007 | Gauntlet | Found a runed translucent door.
 34008 | Gauntlet | Found a large runed translucent door.
 34009 | Gauntlet | Found a large runed translucent door.
 34040 | Gauntlet | Found a transporter.
 34040 | Gauntlet | Found a transporter.
 34040 | Gauntlet | Found a runed translucent gate.
 34041 | Gauntlet | Found a runed translucent door.
 34041 | Gauntlet | Found a runed translucent gate.
 34041 | Gauntlet | Found a transporter.
 34050 | Gauntlet | Found a large runed translucent door.
 34050 | Gauntlet | Found a large runed translucent door.
 34051 | Gauntlet | Found a large runed translucent door.
 34052 | Gauntlet | Found a large runed translucent door.
 34061 | Gauntlet | Found a large runed translucent door.
 34061 | Gauntlet | Found a large runed translucent door.
 34062 | Gauntlet | Found a large runed translucent door.
 34063 | Gauntlet | Found a large runed translucent door.
 34111 | Gauntlet | Identified the +11 demon whip of the Open Hand {vamp,
                  | ^Contam rCorr Dex+2}
 34205 | Gauntlet | Identified the +1 leather armour "Ogoy" {Will- MP+9 Str+2}
 34208 | Gauntlet | Identified the +1 hat "Uffourph" {rC- Str+5 Int-5}
 34397 | D:13     | Noticed Jorgrun
 34420 | D:13     | Killed Jorgrun
 35179 | D:14     | Noticed Lodul
 35184 | D:14     | Killed Lodul
 35192 | D:14     | Found a hide-covered altar of Uskayaw.
 35403 | D:14     | Reached skill level 10 in Dodging
 35479 | D:14     | Found a gate to the Vaults.
 35818 | D:14     | Reached skill level 20 in Air Magic
 36428 | D:15     | Entered Level 15 of the Dungeon
 36539 | D:15     | Noticed Rupert
 37469 | D:15     | Found a staircase to the Depths.
 38171 | Orc:2    | Bought the ring of Sukyu {^Drain rPois rC+ Int+4 SInv} for
                  | 612 gold pieces
 38367 | Swamp:1  | Entered Level 1 of the Swamp
 38777 | Swamp:1  | Reached skill level 1 in Shields
 38807 | Swamp:1  | Reached XP level 17. HP: 106/106 MP: 24/30
 38823 | Swamp:1  | Offered knowledge of Arcjolt by Vehumet.
 38830 | Swamp:1  | Learned a level 5 spell: Arcjolt
 39102 | Swamp:2  | Reached skill level 21 in Air Magic
 39237 | Swamp:2  | Reached ****** piety under Vehumet
 39478 | Swamp:2  | Noticed Louise
 39490 | Swamp:2  | Killed Louise
 39491 | Swamp:2  | Reached skill level 15 in Conjurations
 39781 | Swamp:2  | Noticed Nikola
 39799 | Swamp:2  | Killed Nikola
 40460 | Swamp:3  | Noticed Mara
 40474 | Swamp:3  | Killed Mara
 40920 | Swamp:4  | Entered Level 4 of the Swamp
 40929 | Swamp:4  | Offered knowledge of Ozocubu's Refrigeration by Vehumet.
 41131 | Swamp:4  | Noticed drugrobin's ghost (adept DgDe)
 41149 | Swamp:4  | Found a transporter.
 41164 | Swamp:4  | Found a transporter.
 41679 | Swamp:4  | Reached XP level 18. HP: 112/112 MP: 23/32
 41810 | Swamp:4  | Got a decaying rune of Zot
 42010 | Swamp:4  | Reached skill level 22 in Air Magic
 42221 | Swamp:4  | HP: 1/113 [alligator (32)]
 42221 | Swamp:4  | Slain by an alligator

Illustrated notes

Levels and vault maps discovered:
D:1:      evilmike_arrival_fibonacci_small, layout_rooms,
          ebering_ecumenical_altar_rust
D:2:      cheibrodos_helix_gallery, layout_loops_cross, patterned_corridor,
          uniq_natasha
D:3:      cheibrodos_fertilizer, layout_rooms, kennysheep_slug_shrine,
          grunt_ministairs_11, pf_guarded_unrand_delatra
D:4:      layout_rooms, serial_shops, shop, nicolae_shop_window_shopping, shop
D:5:      layout_rooms, hangedman_decor_clover_reticule,
          kennysheep_generic_room_6
D:6:      layout_loops_cross, minmay_temple_entry_arrows,
          hangedman_decor_peaks_small, minmay_misc_feat_diagonals, uniq_jeremiah
D:7:      layout_basic, grunt_qazlal_sundering, marbit_many_paths, uniq_pikel
D:8:      layout_cave_pods
D:9:      layout_layer_cave, overflow_temple_1_default, dpeg_oklobed_lair,
          nicolae_titane
D:10:     layout_basic, trog_butcher_becter, jmf_multi_god_temple2, orc_0_dummy
D:11:     layout_basic, lemuel_flamethrower_hall, uniq_snorg
D:12:     layout_irregular_city, nicolae_tso_carved_into_rock
D:13:     layout_big_octagon, gauntlet_entry_generic, uniq_jorgrun
D:14:     layout_basic, lightli_vaults_fourway_checkpoint,
          nicolae_uskayaw_suspiria, uniq_lodul
D:15:     grunt_enter_depths_snipers, layout_loops_ring, serial_undead,
          serial_undead_d, serial_undead_f, serial_undead_e, serial_undead_b,
          serial_undead_f, serial_undead_d, hex_tiny, chequers_avenue,
          uniq_rupert
Temple:   eino_wide_crystal_templ
Lair:1:   cheibrodos_lair_river_kwai, layout_cave_shapes, enter_volcano_1,
          worms_lemuel
Lair:2:   layout_loops_ring, lemuel_fruit_tree, grunt_megastairs_2
Lair:3:   layout_cave_shapes, nicolae_swamp_entry_splash_gauntlet,
          nicolae_spider_entry_lesser_pyramids
Lair:4:   cheibrodos_lair_overgrown_chateau, layout_cave_shapes, slime_entry_1,
          grunt_megastairs_4, lemuel_fruit_fields
Lair:5:   due_jungle_book, layout_misc_corridors, gammafunk_ghost_split,
          st_stairs_7, serial_bayou_shore_a, infiniplex_staircase_pool_2,
          serial_bayou_shore_b, serial_bayou_shore_b
Swamp:1:  layout_basic_swamp, evilmike_swamp_ruin_rubble_2
Swamp:2:  layout_basic_swamp, nicolae_swamp_treefoil, swamp_pool_1_2,
          uniq_louise, uniq_nikola
Swamp:3:  layout_basic_swamp, evilmike_swamp_ruin_house_1,
          hangedman_swamp_lotus, uniq_mara
Swamp:4:  swamp_alternative, layout_basic_swamp,
          gammafunk_ghost_berserking_beasts
Orc:1:    layout_diamond_mine
Orc:2:    pf_orc_diabolical, layout_diamond_mine,
          hellmonk_ghost_happy_afterlife, serial_shops, nicolae_lakefront_shop,
          nicolae_shop_back_alley_shop, shop, uniq_erolcha

Skill      XL: |  1  2  3  4  5  6  7  8  9 10 11 12 13 14 15 16 17 18 |
---------------+-------------------------------------------------------+-----
Fighting       | 1 2 3 4 6 7 8 9 10 11 12 | 12.6
Conjurations   | 2 3 4 5 6 7 9 10 11 12 13 14 15 | 15.6
Armour         | 1 2 3 5 6 7 9 10 11 | 11.2
Air Magic      | 5 6 7 8 10 11 13 14 16 17 19 20 21 22 | 22.0
Staves         | 1 2 3 5 |  5.0
Evocations     | 1 2 3 4 5 6 7 8 9 10 | 10.8
Dodging        | 3 4 5 6 8 9 10 11 | 11.2
Spellcasting   | 3 4 5 6 7 8 9 |  9.7
Short Blades   | 1 |  1.0
Throwing       | 1 |  1.0
Unarmed Combat | 3 |  3.0
Ranged Weapons | 1 |  1.0
Ice Magic      | 2 3 |  3.0
Earth Magic    | 1 3 |  3.0
Shields        | 1 3 4 |  4.0
Stealth        | |  2.0

Action                     |  1- 3 |  4- 6 |  7- 9 | 10-12 | 13-15 | 16-18 || total
---------------------------+-------+-------+-------+-------+-------+-------++-------
  Melee: Unarmed           |     8 |       |       |       |       |       ||     8
         Peck              |     2 |     1 |     3 |     7 |    12 |     9 ||    34
         Staff             |       |     5 |     1 |    28 |    75 |    32 ||   141
         Kick              |       |     2 |     4 |    15 |    19 |    14 ||    54
         Short sword       |       |       |     6 |     6 |     1 |       ||    13
  Throw: Stone             |     8 |       |       |       |       |       ||     8
         Throwing net      |       |       |     1 |       |     2 |       ||     3
         Dart              |       |       |       |    10 |    11 |     5 ||    26
   Cast: Shock             |    79 |   120 |   237 |   137 |   211 |    33 ||   817
         Static Discharge  |       |       |    21 |    81 |   130 |    51 ||   283
         Airstrike         |       |       |     9 |   156 |   584 |   569 ||  1318
         Freezing Cloud    |       |       |       |       |    26 |    32 ||    58
         Swiftness         |       |       |       |       |     2 |     2 ||     4
         Searing Ray       |       |       |       |       |     4 |     1 ||     5
         Conjure Ball Ligh |       |       |       |       |     7 |       ||     7
         Lee's Rapid Decon |       |       |       |       |     4 |       ||     4
         Arcjolt           |       |       |       |       |       |    11 ||    11
  Evoke: Wand              |       |       |     2 |     8 |       |       ||    10
    Use: Scroll            |       |       |    11 |    13 |     5 |     8 ||    37
         Potion            |       |       |       |     3 |     3 |     7 ||    13
   Stab: Paralysed         |       |       |     6 |     2 |       |       ||     8
         Held in net/web   |       |       |       |       |     1 |       ||     1
 Armour: Robe              |    18 |    11 |    12 |     3 |    22 |       ||    66
         Leather armour    |       |       |    45 |    11 |       |       ||    56
         Ring mail         |       |       |       |   109 |       |       ||   109
         Acid dragon scale |       |       |       |    50 |   378 |   297 ||   725
  Dodge: Dodged            |    48 |    20 |    56 |   116 |   318 |   262 ||   820
         Repelled          |       |       |       |       |     2 |    10 ||    12
  Block: Buckler           |       |       |       |       |       |     5 ||     5

Table legend: (Time is in decaauts)
 A = Elapsed time spent in this place.
 B = Non-inter-level travel time spent in this place.
 C = Inter-level travel time spent in this place.
 D = Time resting spent in this place.
 E = Time spent auto-exploring this place.
 F = Levels seen in this place.
 G = Mean time per level.
                   A        B        C        D        E       F      G
               +--------+--------+--------+--------+--------+-----+--------+
         Total |  42258 |  39591 |   2667 |   7555 |  24627 |  29 | 1457.2 |
       Dungeon |  21012 |  19345 |   1667 |   3389 |  12673 |  15 | 1400.8 |
        Temple |     14 |      8 |      6 |      0 |      0 |   1 |   14.0 |
          Lair |  11869 |  11304 |    565 |   1895 |   7543 |   5 | 2373.8 |
         Swamp |   3854 |   3704 |    150 |    685 |   2087 |   4 |  963.5 |
  Orcish Mines |   4198 |   3920 |    278 |   1059 |   2181 |   2 | 2099.0 |
       Volcano |    915 |    915 |      0 |    467 |      0 |   1 |  915.0 |
      Gauntlet |    393 |    393 |      0 |     60 |    143 |   1 |  393.0 |
               +--------+--------+--------+--------+--------+-----+--------+

Top non-repeatable levels by time:
   Orc:2: 3383 daAuts
  Lair:5: 3351 daAuts
  Lair:4: 2771 daAuts
  Lair:3: 2252 daAuts
     D:9: 2014 daAuts
  Lair:1: 1913 daAuts
    D:10: 1895 daAuts
    D:12: 1875 daAuts
     D:8: 1846 daAuts
     D:7: 1632 daAuts
  Lair:2: 1579 daAuts
     D:3: 1541 daAuts
     D:2: 1497 daAuts
    D:14: 1452 daAuts
    D:15: 1402 daAuts
